 Dungeon Crawl Stone Soup version 0.16-a0-3494-g28000b7 (webtiles) character file.

5483 NewYearsCrawler the Bludgeoner (level 10, -2/199 (204) HPs)
             Began as an Ogre Berserker on Jan 4, 2015.
             Was a High Priest of Trog.
             Slain by a yak (5 damage)
             ... on level 9 of the Dungeon.
             The game lasted 00:16:02 (10187 turns).

NewYearsCrawler the Bludgeoner (Ogre Berserker)    Turns: 10187, Time: 00:16:02

HP:   -2/199 (204)  AC:  3    Str: 32    XL:     10   Next: 69%
MP:   10/10         EV: 10    Int:  6    God:    Trog [*****.]
Gold: 502           SH:  0    Dex:  9    Spells: 0 memorised, 9 levels left

rFire  + . .     SeeInvis .     w - +1 giant spiked club
rCold  . . .     Clarity  .     y - +0 robe {Archmagi}
rNeg   + . .     SustAb   .     (shield restricted)
rPois  .         Gourm    .     d - +1 hat
rElec  .         Spirit   .     z - -2 cloak of Zaol {rN+ rCorr Slay+4}
rCorr  +         Warding  .     (gloves unavailable)
rMut   .         Stasis   .     (boots unavailable)
MR     ++...                    C - amulet of faith
Stlth  ..........               v - ring of protection from magic (curse)
                                F - ring of loudness (curse)

@: berserking, very slightly contaminated, very quick, very resistant to hostile
enchantments, extremely unstealthy
A: unfitting armour, breathe flames 1, fire resistance 1, robust 1, tough skin 1
a: Burn Spellbooks, Berserk, Trog's Hand, Brothers in Arms, Renounce Religion,
Breathe Fire


You were on level 9 of the Dungeon.
You worshipped Trog.
Trog was extremely pleased with you.
You were hungry.

You visited 2 branches of the dungeon, and saw 10 of its levels.

You collected 502 gold pieces.

Inventory:

Hand weapons
 w - a +1 giant spiked club (weapon)
 x - a +0 giant spiked club
Missiles
 t - 7 javelins (quivered)
 A - 2 large rocks
Armour
 d - a +1 hat (worn)
 y - a +0 robe of the Archmagi (worn)
 z - the -2 cloak of Zaol (worn) {rN+ rCorr Slay+4}
   (You acquired it on level 5 of the Dungeon)

   It affects your accuracy and damage with ranged weapons and melee attacks
   (+4).
   It protects you from negative energy.
   It protects you from acid and corrosion.
Jewellery
 v - a cursed ring of protection from magic (right hand)
 C - an amulet of faith (around neck)
 F - a cursed ring of loudness (left hand)
Magical devices
 i - a wand of cold (9)
Scrolls
 e - a scroll of recharging
 f - 9 scrolls of identify
 g - 5 scrolls of remove curse
 h - 6 scrolls of teleportation
 l - a scroll of magic mapping
 m - a scroll of blinking
 s - 4 scrolls of immolation
 u - 3 scrolls of enchant armour
Potions
 k - 7 potions of haste
 o - 4 potions of brilliance
 r - 2 potions of agility
Books
 a - the Catalogue of Transmutation
   (You found it on level 4 of the Dungeon)

   Spells                             Type                      Level
   a - Stoneskin                      Transmutation/Earth          2
   b - Petrify                        Transmutation/Earth          4
   c - Dragon Form                    Transmutation                7
   Trog disapproves of the use of such an item.
 j - a book of Power

   Spells                             Type                      Level
   a - Fulminant Prism                Conjuration/Hexes            4
   b - Iskenderun's Mystic Blast      Conjuration                  4
   c - Venom Bolt                     Conjuration/Poison           5
   d - Bolt of Magma                  Conjuration/Fire/Earth       5
   e - Iron Shot                      Conjuration/Earth            6
   f - Orb of Destruction             Conjuration                  7
   g - Spellforged Servitor           Conjuration/Summoning        7
   Trog disapproves of the use of such an item.
 p - a book of Debilitation

   Spells                             Type                      Level
   a - Corona                         Hexes                        1
   b - Slow                           Hexes                        2
   c - Inner Flame                    Hexes/Fire                   3
   d - Enslavement                    Hexes                        4
   e - Cause Fear                     Hexes                        4
   f - Leda's Liquefaction            Hexes/Earth                  4
   Trog disapproves of the use of such an item.
 B - a book of Necromancy

   Spells                             Type                      Level
   a - Pain                           Necromancy                   1
   b - Animate Skeleton               Necromancy                   1
   c - Vampiric Draining              Necromancy                   3
   d - Regeneration                   Charms/Necromancy            3
   e - Animate Dead                   Necromancy                   4
   f - Control Undead                 Necromancy                   4
   Trog disapproves of the use of such an item.
 D - a book of Changes

   Spells                             Type                      Level
   a - Beastly Appendage              Transmutation                1
   b - Sticks to Snakes               Transmutation                2
   c - Spider Form                    Transmutation/Poison         3
   d - Ice Form                       Ice/Transmutation            4
   e - Blade Hands                    Transmutation                5
   Trog disapproves of the use of such an item.
Comestibles
 c - 4 meat rations
 n - 4 bread rations
 q - 2 slices of pizza


   Skills:
 - Level 15.1 Fighting
 * Level 15.4 Maces & Flails
 - Level 1.5 Armour
 - Level 1.7 Dodging


You had 9 spell levels left.
You didn't know any spells.

Dungeon Overview and Level Annotations

Branches:
Dungeon (9/15)             Temple (1/1) D:7
   Lair: D:8-11         Orc: D:9-12

Altars:
Cheibriados
Dithmenos
Elyvilon
Fedhas
Gozag
Kikubaaqudgha
Makhleb
Nemelex Xobeh
Qazlal
Ru
Sif Muna
Zin
The Shining One


Innate Abilities, Weirdness & Mutations

You are too large for most types of armour.
You have tough skin (AC +1).
You can breathe flames.
Your flesh is heat resistant.
You are robust (+10% HP).


Message History

You feel yourself moving faster!
You feel mighty!
You feel somewhat more hungry.
You impale the yak!!
You kill the yak!
Trog accepts your kill.
Your life force feels restored.
You closely miss the yak. The yak gores you!
* * * LOW HITPOINT WARNING * * *
You impale the yak!!
The yak is heavily wounded.
The yak gores you!
* * * LOW HITPOINT WARNING * * *
You bludgeon the yak!!
You kill the yak!
Trog accepts your kill.
You are too berserk!
You sock the yak!
The yak is heavily wounded.
The yak gores you.
You die...

## ########## .#
#........... .#
#....)....... .#
#...........^. .#
#.............. .#
#.............. .#
#.............. .#
#............... ####
#########@##..##+##...
#..#
#......†#Y##..##.##...#
)..#
#.....YYYY....#.......#
...#
#.......#.....#.......#
...#
#.......#.....'.......#
...#
#.......#.....#.......#
..##
#.......###+####......#
..##
######........#......#
...# #........#......#


You could see 3 yaks.

Vanquished Creatures
  3 yaks (D:9)
  The ghost of NewYearsCrawler the Ruffian, an average TrMo (D:3)
  A hungry ghost (D:7)
  Eustachio (D:6)
  4 ice beasts
  2 sky beasts
  A black bear (D:6)
  5 orc warriors
  A necrophage (D:3)
  A centaur (D:5)
  An eye of draining (D:5)
  Sigmund (D:7)
  5 ogres
  2 big kobolds
  3 giant frogs
  A water moccasin skeleton (D:9)
  A scorpion (D:4)
  11 killer bees
  3 iron imps (D:6)
  5 goliath beetles
  4 crimson imps
  2 quasits
  A centaur zombie (D:7)
  A giant frog zombie (D:5)
  10 orc priests
  7 hounds
  A jelly (D:5)
  11 orc wizards
  2 centaur skeletons (D:4)
  2 iguanas
  6 worker ants
  4 gnolls (D:4)
  A worker ant zombie (D:6)
  10 adders
  A giant mite (D:3)
  3 worms
  2 adder skeletons
  2 giant geckos
  2 oozes
  37 orcs
  A bat skeleton (D:3)
  8 giant cockroaches
  12 hobgoblins
  12 jackals
  2 quokkas
  2 ball pythons
  A ball python skeleton (D:4)
  18 bats
  8 giant newts
  13 goblins
  24 kobolds
  A quokka skeleton (D:7)
  10 rats
274 creatures vanquished.

Vanquished Creatures (others)
  A human (D:3)
1 creature vanquished.

Grand Total: 275 creatures vanquished

Notes
Turn   | Place    | Note
--------------------------------------------------------------
     0 | D:1      | NewYearsCrawler, the Ogre Berserker, began the quest for the Orb.
     0 | D:1      | Reached XP level 1. HP: 24/24 MP: 1/1
    81 | D:1      | Reached XP level 2. HP: 22/32 MP: 2/2
   202 | D:1      | Reached skill level 5 in Maces & Flails
   389 | D:1      | Acquired Trog's second power
   535 | D:1      | Reached XP level 3. HP: 30/39 MP: 3/3
  1402 | D:2      | Reached skill level 6 in Maces & Flails
  1629 | D:2      | Reached XP level 4. HP: 14/48 MP: 4/4
  2301 | D:3      | Reached skill level 7 in Maces & Flails
  2310 | D:3      | Reached XP level 5. HP: 29/54 MP: 5/5
  2540 | D:3      | Noticed NewYearsCrawler's ghost (average TrMo)
  2545 | D:3      | Reached skill level 15 in Fighting
  2545 | D:3      | Reached XP level 6. HP: 60/91 MP: 6/6
  2671 | D:2      | Gained mutation: Your flesh is heat resistant. [potion of mutation]
  2671 | D:2      | Gained mutation: You are weak. (Str -2) [potion of mutation]
  2671 | D:2      | Gained mutation: You can breathe flames. [potion of mutation]
  2686 | D:3      | Killed NewYearsCrawler's ghost
  2686 | D:3      | Reached XP level 7. HP: 85/98 MP: 7/7
  2883 | D:3      | Found an ancient bone altar of Kikubaaqudgha.
  2884 | D:3      | Noticed a human
  2886 | D:3      | Killed a human
  2927 | D:3      | Found a stormy altar of Qazlal.
  3077 | D:3      | Noticed an angel
  3078 | D:3      | Found a glowing silver altar of Zin.
  3890 | D:4      | Identified the Catalogue of Transmutation (You found it on level 4 of the Dungeon)
  4011 | D:4      | Reached XP level 8. HP: 102/104 MP: 8/8
  4039 | D:4      | Reached skill level 10 in Maces & Flails
  4082 | D:4      | Acquired Trog's third power
  4240 | D:4      | Found a sacrificial altar of Ru.
  4598 | D:4      | Found a snail-covered altar of Cheibriados.
  4766 | D:4      | Found a burning altar of Makhleb.
  4782 | D:4      | Found a glowing golden altar of the Shining One.
  4926 | D:5      | Entered Level 5 of the Dungeon
  5328 | D:5      | Found a white marble altar of Elyvilon.
  5560 | D:5      | Received a gift from Trog
  5683 | D:5      | Reached XP level 9. HP: 112/112 MP: 0/9
  5848 | D:5      | Identified a scroll of acquirement
  5849 | D:5      | Got a pitted cloak
  5860 | D:5      | Identified the -2 cloak of Zaol {rN+ rCorr Slay+4} (You acquired it on level 5 of the Dungeon)
  5860 | D:5      | Gained mutation: You are robust (+10% HP). [potion of beneficial mutation]
  6524 | D:6      | Noticed Eustachio
  6660 | D:6      | Found a shadowy altar of Dithmenos.
  6693 | D:6      | Killed Eustachio
  6914 | D:7      | Found a staircase to the Ecumenical Temple.
  6923 | D:7      | Noticed Sigmund
  6933 | D:7      | Killed Sigmund
  6950 | Temple   | Entered the Ecumenical Temple
  7584 | D:7      | Reached XP level 10. HP: 81/133 MP: 10/10
  7971 | D:7      | Found a deep blue altar of Sif Muna.
  8148 | D:8      | Found a blossoming altar of Fedhas.
  8464 | D:8      | Received a gift from Trog
  8664 | D:8      | Found a sparkling altar of Nemelex Xobeh.
  8910 | D:8      | Found an opulent altar of Gozag.
  9355 | D:9      | Reached skill level 15 in Maces & Flails
  9886 | D:9      | Lost mutation: You are weak. (Str -2) [mutagenic meat]
 10179 | D:9      | HP: 6/133 [yak (8)]
 10185 | D:9      | HP: 3/199 [yak (11)]
 10187 | D:9      | Slain by a yak

Action                   |  1- 3 |  4- 6 |  7- 9 | 10-12 || total
-------------------------+-------+-------+-------+-------++-------
Melee: Mace              |   139 |    45 |       |       ||   184
       Flail             |       |    10 |    60 |       ||    70
       Giant spiked club |       |       |   278 |   163 ||   441
Invok: Berserk           |       |     1 |       |     1 ||     2
  Use: Scroll            |       |     3 |    11 |     1 ||    15
       Potion            |       |     7 |     3 |     3 ||    13
 Stab: Sleeping          |       |       |     1 |       ||     1
  Eat: Chunk             |     2 |     4 |    17 |    10 ||    33
